 Dungeon Crawl Stone Soup version 0.18-a0-1347-gb9e2fb4 (webtiles) character file.

1307 M4edhros the Martial Artist (level 8, -2/58 HPs)
             Began as a Mummy Monk on Feb 17, 2016.
             Slain by a giant frog (5 damage)
             ... on level 6 of the Dungeon.
             The game lasted 00:30:04 (15435 turns).

M4edhros the Martial Artist (Mummy Monk)           Turns: 15435, Time: 00:30:04

Health: -2/58      AC:  4    Str: 17    XL:     8   Next: 32%
Magic:  8/8        EV: 13    Int: 10    God:
Gold:   292        SH:  0    Dex: 16    Spells: 0 memorised, 7 levels left

rFire  x . .     SeeInvis .       - Unarmed
rCold  + . .     Gourm    .     (no armour)
rNeg   + + +     Faith    .     (no shield)
rPois  ∞         Spirit   .     m - +2 helmet
rElec  .         Dismiss  .     (no cloak)
rCorr  .         Reflect  .     g - +0 pair of gloves
SustAt .         Harm     .     (no boots)
MR     +....                    (no amulet)
Stlth  +++.......               a - +3 ring of strength
                                h - ring of wizardry

@: somewhat resistant to hostile enchantments, fairly stealthy
A: no food or potions, fire vulnerability, cold resistance 1, negative energy
resistance 3, torment resistance, unbreathing
a: no special abilities


You were on level 6 of the Dungeon.
You were not hungry.

You visited 1 branch of the dungeon, and saw 7 of its levels.

You collected 292 gold pieces.

Inventory:

Missiles
 r - a needle of sleeping
Armour
 g - a +0 pair of gloves (worn)
 m - a +2 helmet (worn)
Jewellery
 a - a +3 ring of strength (right hand)
 h - a ring of wizardry (left hand)
Wands
 k - a wand of paralysis (14/24) (quivered)
 l - a wand of digging (13/24)
Scrolls
 c - a scroll of fear {unknown}
 d - 4 scrolls of remove curse
 e - a scroll of fog
 f - a scroll of amnesia {unknown}
 i - a scroll of magic mapping
 j - a scroll of recharging
 n - 2 scrolls of teleportation
 o - a scroll of immolation
 q - a scroll of random uselessness
Comestibles
 p - a fruit


   Skills:
 - Level 3.0 Fighting
 - Level 2.4 Dodging
 - Level 5.0 Stealth
 * Level 8.0 Unarmed Combat


You had 7 spell levels left.
You didn't know any spells.

Dungeon Overview and Level Annotations

Branches:
Dungeon (7/15)             Temple (0/1) D:5

Altars:
Ashenzari
Gozag
Kikubaaqudgha
Okawaru

Shops:
D:5 =   D:7 }

Annotations:
D:4 Edmund
D:6 ! tengu gladiator, damn it, and prince rabit, Duffy's ghost, novice TeGl; Prince Ribbit
D:7 exclusion: hippogriff


Innate Abilities, Weirdness & Mutations

You do not eat or drink.
Your flesh is vulnerable to fire.
You are immune to poison.
Your flesh is cold resistant.
You are immune to negative energy.
You are immune to unholy pain and torment.
You can survive without breathing.


Message History

You punch the giant frog!
The giant frog is moderately wounded.
The giant frog closely misses you.
You hit the giant frog. Your punch misses the giant frog.
The giant frog is heavily wounded.
The giant frog hits you.
* * * LOW HITPOINT WARNING * * *
The giant frog closely misses you.
You punch the giant frog!
The giant frog is severely wounded.
The giant frog closely misses you.
You hit the giant frog but do no damage.
The giant frog is severely wounded.
The giant frog hits you but does no damage.
You hit the giant frog.
The giant frog is almost dead.
The giant frog hits you!
* * * LOW HITPOINT WARNING * * *
The giant frog hits you.
You die...

....... ## .......
.# ....... ..
.......##.# ##
........#.+ .##
..........#+#..##
#...........<...#
.......@........#
.........F.......#
................#
###...............#
#........$........#
................##
....?...#.....##
###.#####.#####
#..F<.....$#


You could see a giant frog.

Vanquished Creatures
  An ice beast (D:7)
  3 centaurs
  3 scorpions
  4 crimson imps
  2 orc priests
  A giant frog skeleton (D:5)
  A gnoll shaman (D:5)
  A jelly (D:7)
  A centaur skeleton (D:6)
  4 orc wizards
  2 worker ants
  A hound zombie (D:6)
  Robin (D:3)
  9 gnolls
  7 adders
  An adder zombie (D:5)
  5 oozes
  2 worms
  7 giant geckos
  16 orcs
  4 ball pythons
  8 bats
  7 giant cockroaches
  13 goblins
  14 hobgoblins
  11 jackals
  11 kobolds
  5 quokkas
  A giant gecko zombie (D:5)
  6 giant newts
  A jackal zombie (D:5)
  A quokka skeleton (D:5)
  10 rats
  A butterfly (D:5)
  2 plants (D:1)
167 creatures vanquished.

Notes
Turn   | Place    | Note
--------------------------------------------------------------
     0 | D:1      | M4edhros the Mummy Monk began the quest for the Orb.
     0 | D:1      | Reached XP level 1. HP: 18/18 MP: 1/1
   321 | D:1      | Reached XP level 2. HP: 6/24 MP: 2/2
  1053 | D:1      | Reached XP level 3. HP: 22/29 MP: 3/3
  1234 | D:1      | Reached skill level 4 in Unarmed Combat
  5072 | D:2      | Reached XP level 4. HP: 19/35 MP: 4/4
  6545 | D:3      | Found an opulent altar of Gozag.
  7581 | D:3      | Noticed Robin
  7602 | D:4      | Lvl 3 flooded, no option to try that for now
  7806 | D:4      | Found an ancient bone altar of Kikubaaqudgha.
  7915 | D:4      | Reached XP level 5. HP: 35/41 MP: 5/5
  8506 | D:4      | Reached skill level 5 in Unarmed Combat
  8507 | D:4      | wow, killed orc priest
  8929 | D:4      | killed orc with elec axe
  9155 | D:4      | (invicibility mode!!!)
  9167 | D:4      | Found a shattered altar of Ashenzari.
  9716 | D:3      | Killed Robin
  9716 | D:3      | Reached XP level 6. HP: 42/47 MP: 6/6
 10784 | D:5      | Entered Level 5 of the Dungeon
 10949 | D:5      | Found Hell's Jewellery Shoppe.
 10949 | D:5      | Found a staircase to the Ecumenical Temple.
 11192 | D:5      | Found an iron altar of Okawaru.
 11239 | D:5      | Reached skill level 6 in Unarmed Combat
 11678 | D:5      | Reached XP level 7. HP: 18/52 MP: 7/7
 12072 | D:5      | Noticed Edmund
 12121 | D:4      | HP: 2/52 [Edmund/flail of protection (13)]
 12133 | D:4      | HP: 2/52 [giant frog skeleton (2)]
 13108 | D:6      | Noticed Prince Ribbit
 13549 | D:6      | Reached skill level 7 in Unarmed Combat
 13875 | D:6      | Noticed Duffy's ghost (novice TeGl)
 14328 | D:7      | Reached XP level 8. HP: 41/58 MP: 8/8
 14415 | D:7      | lvl 8 nice
 14550 | D:7      | Reached skill level 5 in Stealth
 14556 | D:7      | stealth stopped at 5, found shop with ring of stealth and 4 ev
 14556 | D:7      | now need moneeey
 15099 | D:7      | Reached skill level 8 in Unarmed Combat
 15325 | D:7      | Found Wiog's Gadget Emporium.
 15435 | D:6      | Slain by a giant frog

Vault maps used:
D:1:      roderic_crop_circles_arrival_small, interstate_on_off, minivault_25,
          wad_floor_pattern_1, item_on_display_a
D:3:      overflow_temple_1_default, minmay_liquid_box, uniq_robin
D:4:      lemuel_coloured_pillars_altar, old_standard_altar, first_bread
D:5:      marbit_many_paths, minmay_temple_entry_butterflies, serial_shops,
          shop, grunt_decor_cap, uniq_edmund
D:6:      serial_shops, nicolae_shop_behind_doors, uniq_prince_ribbit1
D:7:      serial_shops, shop

Action                   |  1- 3 |  4- 6 |  7- 9 || total
-------------------------+-------+-------+-------++-------
Melee: Unarmed           |   284 |   411 |   221 ||   916
  Use: Scroll            |       |     4 |     8 ||    12
 Stab: Sleeping          |     1 |     6 |     4 ||    11
